 Dungeon Crawl Stone Soup version 0.19.3-4-gbf9329e (webtiles) character file.

765 nikopol the Skirmisher (level 7, -1/66 HPs)
             Began as a Gargoyle Berserker on Jan 30, 2017.
             Was a Priest of Trog.
             Splashed by a jelly's acid (5 damage)
             ... on level 5 of the Dungeon.
             The game lasted 00:09:45 (3882 turns).

nikopol the Skirmisher (Gargoyle Berserker)         Turns: 3882, Time: 00:09:45

Health: -1/66      AC: -3    Str: 25    XL:     7   Next: 81%
Magic:  7/7        EV: 11    Int:  8    God:    Trog [***...]
Gold:   284        SH:  0    Dex: 11    Spells: 0 memorised, 6 levels left

rFire  . . .     SeeInvis .     a - +1 hand axe
rCold  . . .     Gourm    .     e - +0 scale mail
rNeg   + . .     Faith    .     (no shield)
rPois  ∞         Spirit   .     n - +1 helmet
rElec  +         Reflect  .     g - +0 cloak
rCorr  .         Harm     .     (no gloves)
MR     .....                    k - +0 pair of boots
Stlth  ..........               (no amulet)
                                (no ring)
                                (no ring)

@: berserking, corroded, very quick
A: negative energy resistance 1, electricity resistance, unbreathing,
petrification resistance, rot immunity, AC +4
a: Berserk, Trog's Hand, Burn Spellbooks, Renounce Religion


You were on level 5 of the Dungeon.
You worshipped Trog.
Trog was most pleased with you.
You were hungry.

You visited 1 branch of the dungeon, and saw 5 of its levels.
You also visited: Sewer.

You collected 284 gold pieces.

Inventory:

Hand Weapons
 a - a +1 hand axe (weapon)
Missiles
 A - 14 arrows (quivered)
Armour
 b - a +0 animal skin
 e - a +0 scale mail (worn)
 g - a +0 cloak (worn)
 k - a +0 pair of boots (worn)
 n - a +1 helmet (worn)
Jewellery
 B - a cursed -2 ring of dexterity {unknown}
Scrolls
 i - a scroll of teleportation
 j - 7 scrolls of identify
 o - a scroll of recharging
 q - a scroll of blinking
 s - 3 scrolls of enchant weapon
 x - a scroll of remove curse
 y - a scroll of random uselessness {unknown}
Potions
 d - a potion of beneficial mutation
 f - a potion of flight {unknown}
 h - 2 potions of degeneration {unknown}
 l - a potion of might {unknown}
 r - a potion of lignification {unknown}
 t - 3 potions of curing {unknown}
 u - 2 potions of ambrosia {unknown}
 w - a potion of berserk rage {unknown}
 z - a potion of mutation {unknown}
Comestibles
 c - 9 bread rations
 m - a slice of pizza
 p - a chunk of flesh
 v - 3 fruits
 C - a meat ration


   Skills:
 + Level 5.6 Fighting
 + Level 4.6 Axes
 + Level 5.0 Armour
 + Level 3.7 Dodging


You had 6 spell levels left.
You didn't know any spells.

Dungeon Overview and Level Annotations

Branches:
Dungeon (5/15)             Temple (0/1) D:4

Altars:
Dithmenos
Fedhas
Gozag
Hepliaklqana
Makhleb
Okawaru
Trog
Uskayaw


Innate Abilities, Weirdness & Mutations

You are resistant to torment.
Your stone body is resilient. (AC +4)
You are immune to poison.
You resist negative energy. (rN+)
You are resistant to electric shocks. (rElec)
You can survive without breathing.
You are immune to petrification.
You are immune to rotting.


Message History

You are too injured to fight recklessly!
You are too injured to fight recklessly!
You are too injured to fight recklessly!
You are too injured to fight recklessly!
You are too injured to fight recklessly!
You are too injured to fight recklessly!
You are too injured to fight recklessly!
You are too injured to fight recklessly!
You are too injured to fight recklessly!
You are too injured to fight recklessly!
You are too injured to fight recklessly!
You are too injured to fight recklessly!
You are too injured to fight recklessly!
A red film seems to cover your vision as you go berserk!
You feel yourself moving faster!
You feel mighty!
You are feeling hungry.
The jelly barely misses you.
You feel a strong urge to attack something.
You hit the jelly.
Your hands burn!
You die...

######... #........
......... #........
......... #........
###+## #........ #....#
#J.......
########....####@.......
.......'....'...(.......
########....##....######
#...†.........#
#............##
+............#
#.........####
#.........# ###########


You could see a jelly.

Vanquished Creatures
  Eustachio (D:4)
  Purgy (Sewer)
  A sky beast (D:4)
  An ogre (D:4)
  A scorpion (D:3)
  A hound (D:4)
  An orc priest (D:3)
  Jessica (D:3)
  A worker ant (D:4)
  A hound zombie (D:4)
  5 adders
  5 gnolls
  2 oozes
  An adder skeleton (D:3)
  A dart slug (D:1)
  A leopard gecko (D:3)
  6 orcs
  A giant cockroach (D:1)
  6 goblins
  9 hobgoblins
  15 jackals
  4 quokkas
  A ball python (D:1)
  7 bats
  4 frilled lizards
  6 kobolds
  2 leopard gecko skeletons
  6 rats
92 creatures vanquished.

Notes
Turn   | Place    | Note
-------+----------+-------------------------------------------
     0 | D:1      | nikopol the Gargoyle Berserker began the quest for the Orb.
     0 | D:1      | Reached XP level 1. HP: 14/14 MP: 1/1
   122 | D:1      | Reached XP level 2. HP: 18/19 MP: 2/2
   251 | D:1      | Reached XP level 3. HP: 16/23 MP: 3/3
   837 | D:2      | Reached ** piety under Trog
   837 | D:2      | Reached XP level 4. HP: 28/29 MP: 4/4
  1352 | D:3      | Noticed Jessica
  1360 | D:3      | Killed Jessica
  1449 | D:3      | Reached XP level 5. HP: 32/33 MP: 5/5
  1868 | D:3      | Found a burning altar of Makhleb.
  1877 | D:3      | Found a bloodstained altar of Trog.
  1890 | D:3      | Found a blossoming altar of Fedhas.
  1899 | D:3      | Found an opulent altar of Gozag.
  1911 | D:3      | Found a hide-covered altar of Uskayaw.
  1925 | D:3      | Found an iron altar of Okawaru.
  1932 | D:3      | Found a hazy altar of Hepliaklqana.
  1982 | D:3      | Reached XP level 6. HP: 21/39 MP: 6/6
  2404 | D:4      | Found a staircase to the Ecumenical Temple.
  2427 | D:4      | Noticed Eustachio
  2473 | D:4      | Killed Eustachio
  2633 | D:4      | Reached skill level 5 in Fighting
  2633 | D:4      | Reached XP level 7. HP: 16/44 MP: 7/7
  2805 | D:4      | Found a shadowy altar of Dithmenos.
  2832 | D:4      | Found a glowing drain.
  2841 | Sewer    | Entered a sewer
  2847 | Sewer    | Reached *** piety under Trog
  3001 | Sewer    | Noticed Purgy
  3015 | Sewer    | Killed Purgy
  3540 | D:4      | Reached skill level 5 in Armour
  3674 | D:5      | Entered Level 5 of the Dungeon
  3882 | D:5      | Splashed by a jelly's acid

Skill      XL: |  1  2  3  4  5  6  7 |
---------------+----------------------+-----
Dodging        | 2 3 |  3.7
Axes           | 3 4 |  4.6
Armour         | 3 4 5 |  5.0
Fighting       | 4 5 |  5.6

Action                   |  1- 3 |  4- 6 |  7- 9 || total
-------------------------+-------+-------+-------++-------
Melee: Hand axe          |   102 |   230 |   113 ||   445
Invok: Berserk           |       |     2 |     2 ||     4
  Use: Scroll            |       |     9 |       ||     9
  Eat: Chunk             |       |     8 |     5 ||    13
Armor: Animal skin       |     2 |       |       ||     2
       Scale mail        |    62 |   189 |    79 ||   330
Dodge: Dodged            |    56 |   189 |    64 ||   309
